 Dungeon Crawl Stone Soup version 0.26.1-11-gd32895ea62 (webtiles) character file.

Game seed: 7524462370176687652

2772 Zeld the Digger (level 9, -4/51 HPs)
             Began as a Gargoyle Earth Elementalist on Sept 28, 2021.
             Slain by a troll (6 damage)
             ... on level 7 of the Dungeon.
             The game lasted 00:10:52 (12280 turns).

Zeld the Digger (Gargoyle Earth Elementalist)      Turns: 12280, Time: 00:10:53

Health: -4/51      AC:  9    Str: 13    XL:     9   Next: 70%
Magic:  17/17      EV: 13    Int: 18    God:
Gold:   291        SH:  0    Dex: 10    Spells: 4/19 levels left

rFire    . . .     SeeInvis .   a - +2 dagger (flame)
rCold    . . .     Faith    .   (no shield)
rNeg     + . .     Spirit   .   c - +0 robe
rPois    ∞         Reflect  .   r - +0 hat
rElec    +         Harm     .   (no cloak)
rCorr    .         Rampage  .   (no gloves)
Will     .....                  J - +0 pair of boots
Stlth    +++.......             (no amulet)
HPRegen  0.17/turn              (no ring)
MPRegen  0.15/turn              (no ring)

@: no status effects
A: negative energy resistance 1, electricity resistance, unbreathing,
petrification resistance, miasma immunity, AC +6
a: no special abilities


You were on level 7 of the Dungeon.
You visited 2 branches of the dungeon, and saw 9 of its levels.

You collected 381 gold pieces.
You spent 90 gold pieces at shops.

Inventory:

Hand Weapons
 a - a +2 dagger of flaming (weapon)
 b - a +3 dagger
Missiles
 F - 28 stones (quivered)
Armour
 c - a +0 robe (worn)
 r - a +0 hat (worn)
 J - a +0 pair of boots (worn)
Jewellery
 l - an uncursed ring of see invisible {unknown}
 n - an uncursed ring of see invisible {unknown}
 p - an uncursed ring of ice {unknown}
Wands
 t - a wand of acid (6)
 G - a wand of flame (20)
Scrolls
 d - 7 scrolls of identify {unknown}
 e - a scroll of fear {unknown}
 f - 5 scrolls of remove curse {unknown}
 g - 2 scrolls of noise {unknown}
 h - 2 scrolls of enchant weapon {unknown}
 j - 5 scrolls of teleportation {unknown}
 k - 3 scrolls of immolation {unknown}
 o - 2 scrolls of magic mapping {unknown}
 q - 4 scrolls of fog {unknown}
 s - a scroll of amnesia {unknown}
 y - a scroll of enchant armour {unknown}
 E - 2 scrolls of blinking {unknown}
 I - a scroll of torment {unknown}
Potions
 i - 6 potions of curing {unknown}
 m - a potion of flight {unknown}
 u - a potion of ambrosia {unknown}
 v - 3 potions of berserk rage {unknown}
 w - 2 potions of mutation {unknown}
 x - 2 potions of might {unknown}
 z - 2 potions of lignification {unknown}
 A - a potion of degeneration {unknown}
 B - 2 potions of heal wounds {unknown}
 C - a potion of resistance {unknown}
 D - a potion of invisibility {unknown}
 H - a potion of attraction {unknown}


   Skills:
 + Level 3.4 Fighting
 * Level 4.1 Short Blades
 + Level 4.1 Armour
 + Level 3.6 Dodging
 + Level 5.2 Stealth
 * Level 5.7 Spellcasting
 + Level 4.1 Conjurations
 - Level 1.0 Transmutations
 * Level 7.8 Earth Magic


You had 4 spell levels left.
You knew the following spells:

 Your Spells              Type           Power        Failure   Level
a - Sandblast             Erth           66%          1%          1
b - Passwall              Tmut/Erth      17%          3%          2
c - Stone Arrow           Conj/Erth      52%          3%          3
d - Petrify               Tmut/Erth      21%          21%         4
e - Lee's Rapid Deconstr  Erth           16%          14%         5

Your spell library contained the following spells:

 Spells                   Type           Power        Failure   Level


Dungeon Overview and Level Annotations

Branches:
Dungeon (8/15)             Temple (1/1) D:4
   Lair: D:8-11

Altars:
Ashenzari
Cheibriados
Dithmenos
Elyvilon
Fedhas
Hepliaklqana
Makhleb
Nemelex Xobeh
Okawaru
Qazlal
Ru
Trog
Uskayaw
Vehumet
Wu Jian
Xom
Yredelemnul
Zin
The Shining One

Shops:
D:7 [


Innate Abilities, Weirdness & Mutations

You are resistant to torment.
Your stone body is resilient. (AC +6)
You are immune to poison.
You resist negative energy. (rN+)
You are resistant to electric shocks. (rElec)
You can survive without breathing.
You are immune to petrification.
You are immune to miasma.


Message History

The troll bites you. The troll claws you but does no damage.
The troll claws you. The orc barely misses you.
You hit the orc. You burn the orc.
You kill the orc!
The troll bites you but does no damage. The troll closely misses you. x2
The adder closely misses you. The adder bites you but does no damage.
There is an open door here.
Items here: )) [ †.
You closely miss the adder. The adder barely misses you. The troll bites you!
* * * LOW HITPOINT WARNING * * *
The troll closely misses you. The troll claws you!
* * * LOW HITPOINT WARNING * * *
You hit the adder. You burn the adder.
The adder is heavily wounded.
The adder closely misses you.
Unknown command.
The adder barely misses you. The adder bites you but does no damage.
The troll barely misses you. The troll closely misses you. The troll claws you.
You die...

#.# ##'## #.# #.# ##...## #.#
#.#### ##.....## ##.# #.##.##
##.......## ##..#
#####.#...####.........####...##
).....(..(.)>).........+.......#
######....####.........####...##
#.#.## ##TS.....## ##..### #.###
##@....## #...... #.# ##...##
#.#.### ####.#### ##+## #.#...#
#.......# #.# #.###.# #.##.##.#
######.## #.###.# #.##.##.#
#.......# #...... #.##.##.#
#.###...## #####.# #.##.##.#
#.##.....# #.# #.......#
#.###...## #.#


You could see a troll and an adder.

Vanquished Creatures
  Harold (D:7)
  An ice beast (D:6)
  An orc warrior (D:5)
  A sky beast (D:4)
  2 ogres
  3 phantoms
  2 centaurs
  A bullfrog (D:7)
  4 wights (D:7)
  3 howler monkeys
  A bullfrog zombie (D:7)
  A bullfrog skeleton (D:5)
  A hound (D:6)
  7 orc priests
  4 orc wizards
  An iguana (D:5)
  3 worker ants
  A killer bee zombie (D:6)
  4 gnolls (D:3)
  A howler monkey skeleton (D:4)
  12 adders
  A shadow imp (D:5)
  A white imp (D:3)
  3 oozes
  An adder zombie (D:5)
  An adder skeleton (D:4)
  2 worms
  2 dart slugs
  3 leopard geckos (D:2)
  29 orcs
  2 ball pythons
  7 giant cockroaches
  18 goblins
  10 hobgoblins
  7 jackals
  5 quokkas
  6 bats
  5 frilled lizards
  2 jackal skeletons
  5 kobolds
  A leopard gecko skeleton (D:4)
  6 rats
172 creatures vanquished.

Vanquished Creatures (others)
  A hound (D:8)
1 creature vanquished.

Grand Total: 173 creatures vanquished

Notes
Turn   | Place    | Note
-------+----------+-------------------------------------------
     0 | D:1      | Zeld the Gargoyle Earth Elementalist began the quest for
                  | the Orb.
     0 | D:1      | Reached XP level 1. HP: 10/10 MP: 3/3
    94 | D:1      | Reached XP level 2. HP: 14/15 MP: 1/5
   134 | D:1      | Learned a level 2 spell: Passwall
   211 | D:1      | Reached skill level 1 in Transmutations
   494 | D:1      | Reached skill level 4 in Earth Magic
   596 | D:1      | Reached XP level 3. HP: 19/19 MP: 4/6
   617 | D:1      | Learned a level 3 spell: Stone Arrow
   980 | D:1      | Found a hide-covered altar of Uskayaw.
  1260 | D:2      | Reached skill level 1 in Armour
  1373 | D:2      | Reached XP level 4. HP: 20/24 MP: 6/8
  1728 | D:2      | Reached skill level 1 in Conjurations
  2148 | D:2      | Reached XP level 5. HP: 25/28 MP: 9/9
  2163 | D:2      | Learned a level 4 spell: Petrify
  3106 | D:3      | Reached skill level 5 in Earth Magic
  3106 | D:3      | Reached XP level 6. HP: 5/32 MP: 10/10
  4889 | D:4      | Reached XP level 7. HP: 37/37 MP: 9/12
  4931 | D:4      | Reached skill level 1 in Short Blades
  5019 | D:4      | Found a staircase to the Ecumenical Temple.
  5056 | Temple   | Entered the Ecumenical Temple
  5647 | D:5      | Entered Level 5 of the Dungeon
  5670 | D:5      | Reached skill level 1 in Fighting
  6046 | D:5      | Found a burning altar of Makhleb.
  6893 | D:5      | Reached skill level 6 in Earth Magic
  7594 | D:5      | Reached XP level 8. HP: 31/43 MP: 14/14
  8977 | D:6      | Learned a level 5 spell: Lee's Rapid Deconstruction
 10211 | D:6      | Reached skill level 5 in Spellcasting
 10408 | D:6      | Reached skill level 7 in Earth Magic
 10609 | D:6      | Reached XP level 9. HP: 34/49 MP: 1/16
 11685 | D:7      | Noticed Harold
 11722 | D:7      | Killed Harold
 11723 | D:7      | Reached skill level 5 in Stealth
 12053 | D:7      | Found Qupeamod's Antique Armour Shop.
 12062 | D:7      | Bought a pair of boots for 90 gold pieces
 12143 | D:8      | Noticed a troll
 12276 | D:7      | HP: 2/51 [troll (11)]
 12280 | D:7      | Slain by a troll

Illustrated notes

Levels and vault maps discovered:
D:1:      dpeg_arrival_water_altar, layout_basic
D:2:      layout_basic
D:3:      layout_basic, dk_vineyard_3, grunt_ministairs_2
D:4:      layout_gridville, minmay_temple_entry_grid
D:5:      layout_layer_cave, general_overflow_altar, chequers_decorated_corner,
          kennysheep_another_room
D:6:      layout_basic, nicolae_overflow_hidden_temple, lemuel_flamethrower_2
D:7:      layout_loops_corners, serial_shops, shop, uniq_harold
D:8:      layout_basic, kiku_gazebo_garden_becter, erik_lair_island,
          lightli_church_of_beogh, uniq_maggie, uniq_maurice
Temple:   dpeg_five_rooms_temple

Skill      XL: |  1  2  3  4  5  6  7  8  9 |
---------------+----------------------------+-----
Transmutations | 1 |  1.0
Earth Magic    | 4 5 6 7 |  7.8
Armour         | 1 2 3 4 |  4.1
Spellcasting   | 3 4 5 |  5.7
Conjurations   | 1 2 3 4 |  4.1
Dodging        | 2 3 |  3.6
Stealth        | 3 4 5 |  5.2
Short Blades   | 2 3 4 |  4.1
Fighting       | 1 2 3 |  3.4

Action                   |  1- 3 |  4- 6 |  7- 9 || total
-------------------------+-------+-------+-------++-------
Melee: Unarmed           |    18 |       |       ||    18
       Dagger            |    46 |   186 |    72 ||   304
 Cast: Sandblast         |    28 |    52 |    80 ||   160
       Stone Arrow       |       |       |    84 ||    84
       Lee's Rapid Decon |       |       |     2 ||     2
Evoke: Wand              |       |     4 |     2 ||     6
 Stab: Sleeping          |       |     4 |     1 ||     5
Armor: Robe              |    12 |    98 |    58 ||   168
Dodge: Dodged            |    42 |   182 |    94 ||   318
